 Dungeon Crawl Stone Soup version 0.26-a0-524-g073066f631 (webtiles) character file.

Game seed: 2853450493087492592

14 ANON1729 the Insei (level 2, 0/21 HPs)
             Began as a Demonspawn Transmuter on Aug 13, 2020.
             Slain by a bat (1 damage)
             ... on level 2 of the Dungeon.
             The game lasted 00:00:54 (844 turns).

ANON1729 the Insei (Demonspawn Transmuter)           Turns: 844, Time: 00:00:54

Health: 0/21       AC:  2    Str: 10    XL:     2   Next: 27%
Magic:  4/5        EV: 12    Int: 14    God:
Gold:   48         SH:  0    Dex: 13    Spells: 4/5 levels left

rFire    . . .     SeeInvis .     - Unarmed
rCold    . . .     Faith    .   (no shield)
rNeg     . . .     Spirit   .   a - +0 robe
rPois    .         Reflect  .   (helmet currently unavailable)
rElec    .         Harm     .   (no cloak)
rCorr    .                      (no gloves)
MR       .....                  (boots currently unavailable)
Stlth    +.........             (no amulet)
HPRegen  0.07/turn              (no ring)
MPRegen  0.09/turn              (no ring)

@: appendages (expiring)
A: horns 2, talons 2
a: End Transformation


You were on level 2 of the Dungeon.
You had grown temporary horns.
You had grown temporary talons.
You visited 1 branch of the dungeon, and saw 2 of its levels.

You collected 48 gold pieces.

Inventory:

Armour
 a - a +0 robe (worn)
Scrolls
 c - 3 scrolls of identify {unknown}
 f - a scroll of teleportation {unknown}
 g - a scroll of remove curse {unknown}
 h - 2 scrolls of enchant weapon {unknown}
Potions
 b - a potion of haste {unknown}
 d - a potion of brilliance {unknown}
 e - a potion of flight {unknown}
 i - 2 potions of cancellation {unknown}


   Skills:
 + Level 1.2 Fighting
 + Level 1.9 Dodging
 * Level 2.9 Unarmed Combat
 + Level 2.1 Spellcasting
 * Level 2.0 Transmutations


You had 4 spell levels left.
You knew the following spells:

 Your Spells              Type           Power        Failure   Level
a - Beastly Appendage     Tmut           #.....       10%         1

Your spell library contained the following spells:

 Spells                   Type           Power        Failure   Level
 Wereblood                Tmut           #.......     16%         2
 Spider Form              Tmut/Pois      #.........   43%         3
 Ice Form                 Ice/Tmut       #.......     83%         4
 Blade Hands              Tmut           #.........   95%         5


Dungeon Overview and Level Annotations

Branches:
Dungeon (2/15)

Altars:

Annotations:
D:2 Natasha


Innate Abilities, Weirdness & Mutations

You have a pair of horns on your head.
You have razor-sharp toenails.


Message History

* * * LOW HITPOINT WARNING * * *
Natasha barely misses you.
You closely miss Natasha. You headbutt Natasha.
Natasha is heavily wounded.
The bat hits you but does no damage. Natasha misses you.
You hit Natasha but do no damage.
Natasha is heavily wounded.
Your transformation is almost over.
The bat closely misses you. The bat hits you but does no damage.
Natasha barely misses you.
You barely miss Natasha. Your kick misses Natasha.
Natasha is heavily wounded.
The bat barely misses you. The bat hits you.
* * * LOW HITPOINT WARNING * * *
The bat hits you but does no damage. The bat closely misses you.
Natasha barely misses you.
You closely miss Natasha. You headbutt Natasha!
Natasha is almost dead.
The bat barely misses you. The bat hits you.
You die...

>. ...
.##..#
.....#
.....
..). ..#
######b.#
#(<..@h.#
#.####b##
#. .# #.
.# #. .#
#. .. #.
.. #. ..


You could see Natasha and 2 bats.

Vanquished Creatures
  A dart slug (D:1)
  A giant cockroach (D:1)
  A goblin (D:1)
  2 kobolds (D:1)
  3 bats (D:1)
  A frilled lizard (D:1)
  4 rats (D:1)
13 creatures vanquished.

Notes
Turn   | Place    | Note
-------+----------+-------------------------------------------
     0 | D:1      | ANON1729 the Demonspawn Transmuter began the quest for the
                  | Orb.
     0 | D:1      | Reached XP level 1. HP: 15/15 MP: 3/3
   412 | D:1      | Mutation became permanent: You have a pair of small horns
                  | on your head. [demonic ancestry]
   412 | D:1      | Gained mutation: You have a pair of horns on your head.
                  | [demonic ancestry]
   412 | D:1      | Reached XP level 2. HP: 21/21 MP: 3/5
   834 | D:2      | Noticed Natasha
   843 | D:2      | HP: 1/21 [bat (1)]
   844 | D:2      | Slain by a bat

Illustrated notes

Levels and vault maps discovered:
D:1:      minmay_arrival_up_and_down, layout_loops_ring
D:2:      layout_loops_ring, lemuel_crystal_altar, uniq_natasha, uniq_terence,
          uniq_crazy_yiuf_cottage

Skill      XL: |  1 |
---------------+----+-----
Transmutations | 2 |  2.0
Fighting       | |  1.2
Dodging        | |  1.9
Unarmed Combat | |  2.9
Spellcasting   | |  2.1

Action                   || total
-------------------------++-------
Melee: Unarmed           ||    57
       Headbutt          ||     7
       Kick              ||     3
 Cast: Beastly Appendage ||    10
Armor: Robe              ||    28
Dodge: Dodged            ||    45

Table legend: (Time is in decaauts)
 A = Elapsed time spent in this place.
 B = Non-inter-level travel time spent in this place.
 C = Inter-level travel time spent in this place.
 D = Time resting spent in this place.
 E = Time spent auto-exploring this place.
 F = Levels seen in this place.
 G = Mean time per level.
                   A        B        C        D        E       F      G
               +--------+--------+--------+--------+--------+-----+--------+
         Total |    841 |    786 |     55 |     91 |    557 |   2 |  420.5 |
       Dungeon |    841 |    786 |     55 |     91 |    557 |   2 |  420.5 |
               +--------+--------+--------+--------+--------+-----+--------+

Top non-repeatable levels by time:
     D:1: 831 daAuts
     D:2: 9 daAuts
